 Dungeon Crawl Stone Soup version 0.26-a0-757-g626ac9e51a (webtiles) character file.

Game seed: 15231711346356486399

897118 mattiecakes the Swordmaster (level 27, -11/244 HPs)
             Began as a Barachi Fighter on Nov 5, 2020.
             Was the Champion of the Shining One.
             Mangled by an Ice Fiend (24 damage)
             ... summoned by Ereshkigal
             ... on level 7 of Tartarus on Nov 7, 2020.
             The game lasted 05:39:52 (124004 turns).

mattiecakes the Swordmaster (Barachi Fighter)     Turns: 124004, Time: 05:39:53

Health: -11/244    AC: 42    Str: 31    XL:     27
Magic:  21/38      EV: 18    Int:  9    God:    the Shining One [******]
Gold:   5566       SH: 37    Dex: 12    Spells: 26/26 levels left

rFire    + + +     SeeInvis +   z - +9 double sword (holy)
rCold    + . .     Faith    .   W - +6 tower shield
rNeg     + + +     Spirit   .   b - +4 gold dragon scales
rPois    +         Reflect  +   J - +0 mask of the Dragon {MR+ Slay+3 SInv}
rElec    .         Harm     .   m - +2 cloak {rCorr}
rCorr    +         Rampage  .   a - +2 pair of gloves {Str+3}
MR       +++++     Clarity  +   L - +0 pair of boots of Midwinter {rPois rCorr Str+4}
Stlth    ..........             w - amulet of reflection
HPRegen  0.50/turn              n - ring "Asizagek" {rF+ rC+ rN+++ Dex-2 Stlth+}
MPRegen  0.26/turn              x - ring "Woceeseb" {Fire MR++ Str-4 SInv Stlth-}

@: can't hop, hasted, glowing, studying Fire Magic, silenced, very quick
A: +LOS, swims, talons 1, thin metallic scales 1, clarity, poison resistance,
slowness 1, strong legs 2
}: 6/15 runes: decaying, barnacled, slimy, silver, obsidian, abyssal
a: Hop, Renounce Religion


You were on level 7 of Tartarus.
You worshipped the Shining One.
The Shining One was exalted by your worship.
You visited 17 branches of the dungeon, and saw 75 of its levels.
You visited the Abyss 2 times.
You visited 1 bazaar.
You also visited: Gauntlet.

You collected 10331 gold pieces.
You spent 4765 gold pieces at shops.

Inventory:

Hand Weapons
 z - a +9 double sword of holy wrath (weapon)
Armour
 a - a +2 pair of gloves of strength (worn)
 b - +4 gold dragon scales (worn)
 m - a +2 cloak of preservation (worn)
 o - a +1 pair of boots of flying
 J - the +0 mask of the Dragon (worn) {MR+ Slay+3 SInv}
   (You found it in a Gauntlet)

   It affects your accuracy and damage with ranged weapons and melee attacks
   (+3).
   It affects your resistance to hostile enchantments.
   It lets you see invisible.
 L - the +0 pair of boots of Midwinter (worn) {rPois rCorr Str+4}
   (You found it in a Gauntlet)

   It affects your strength (+4).
   It protects you from poison.
   It provides partial protection from all sources of acid and corrosion.
 W - a +6 tower shield (worn)
Jewellery
 n - the ring "Asizagek" (left hand) {rF+ rC+ rN+++ Dex-2 Stlth+}
   (You took it off a frost giant on level 5 of the Vaults)

   [ring of stealth]

   It affects your dexterity (-2).
   It protects you from fire.
   It protects you from cold.
   It renders you almost immune to negative energy.
   It makes you more stealthy.
 w - an amulet of reflection (around neck)
 x - the ring "Woceeseb" (right hand) {Fire MR++ Str-4 SInv Stlth-}
   (You found it on level 5 of the Lair of Beasts)

   [ring of fire]

   It enhances your fire magic.
   It affects your strength (-4).
   It protects you from fire.
   It makes you vulnerable to cold.
   It affects your resistance to hostile enchantments.
   It lets you see invisible.
   It makes you less stealthy.
 N - the ring "Usyacwiw" {+Fly rPois rC++ Str-5 Stlth+}
   (You found it on level 5 of the Pits of Slime)

   [ring of flight]

   It affects your strength (-5).
   It greatly protects you from cold.
   It protects you from poison.
   It lets you fly.
   It makes you more stealthy.
Wands
 s - a wand of paralysis (64)
 y - a wand of disintegration (65)
 B - a wand of digging (12)
 E - a wand of iceblast (41)
 G - a wand of flame (227)
 K - a wand of acid (78)
 U - a wand of polymorph (41)
Scrolls
 c - 2 scrolls of holy word
 d - 2 scrolls of blinking
 f - 37 scrolls of remove curse
 v - 7 scrolls of teleportation
 A - 8 scrolls of fear
 C - 4 scrolls of magic mapping
 D - 10 scrolls of fog
 F - 19 scrolls of amnesia
 H - a scroll of enchant weapon
 V - 6 scrolls of identify
 Z - 2 scrolls of silence
Potions
 e - 8 potions of flight
 g - 7 potions of brilliance
 i - a potion of haste
 k - 5 potions of curing
 p - 4 potions of ambrosia
 r - 4 potions of berserk rage
 t - 9 potions of lignification
 u - a potion of mutation
 O - a potion of might
 Q - a potion of magic
Books
 l - a manual of Fire Magic
Miscellaneous
 j - a tin of tremorstones (2/2)
 q - a lightning rod (3/4)
 P - a tin of tremorstones (2/2)


   Skills:
 - Level 25.8 Fighting
 O Level 27 Long Blades
 - Level 25.8 Armour
 - Level 23.9 Dodging
 - Level 24.1 Shields
 + Level 22.2 Invocations
 - Level 17.1 Evocations


You had 26 spell levels left.
You didn't know any spells.
Your spell library contained the following spells:

 Spells                   Type           Power        Failure   Level
 Animate Skeleton         Necr           #.....       94%         1
 Apportation              Tloc           #.....       94%         1
 Beastly Appendage        Tmut           #.....       94%         1
 Corona                   Hex            #......      94%         1
 Foxfire                  Conj/Fire      #...         94%         1
 Freeze                   Ice            #...         94%         1
 Magic Dart               Conj           #...         94%         1
 Pain                     Necr           #...         94%         1
 Sandblast                Erth           #.....       94%         1
 Shock                    Conj/Air       #...         94%         1
 Summon Small Mammal      Summ           #...         94%         1
 Blink                    Tloc           N/A          98%         2
 Call Imp                 Summ           #.......     98%         2
 Corpse Rot               Necr/Air       N/A          98%         2
 Passwall                 Tmut/Erth      #.......     98%         2
 Poisonous Vapours        Pois/Air       #.....       98%         2
 Searing Ray              Conj           #.....       98%         2
 Slow                     Hex            #.......     98%         2
 Sublimation of Blood     Necr           #.........   98%         2
 Swiftness                Air            #.......     98%         2
 Wereblood                Tmut           #.......     98%         2
 Conjure Flame            Conj/Fire      #.......     100%        3
 Dazzling Flash           Conj/Hex       #.....       100%        3
 Frozen Ramparts          Ice            #.....       100%        3
 Gell's Gravitas          Tloc           #.........   100%        3
 Ignite Poison            Fire/Tmut/Pois #.......     100%        3
 Inner Flame              Hex/Fire       #.......     100%        3
 Lesser Beckoning         Tloc           #.........   100%        3
 Mephitic Cloud           Conj/Pois/Air  #.......     100%        3
 Ozocubu's Armour         Ice            #.......     100%        3
 Portal Projectile        Hex/Tloc       #.....       100%        3
 Spider Form              Tmut/Pois      #.........   100%        3
 Static Discharge         Conj/Air       #.......     100%        3
 Stone Arrow              Conj/Erth      #.....       100%        3
 Tukima's Dance           Hex            #.......     100%        3
 Vampiric Draining        Necr           #.........   100%        3
 Animate Dead             Necr           #.........   100%        4
 Cause Fear               Hex            #.........   100%        4
 Dispel Undead            Necr           #.......     100%        4
 Fulminant Prism          Conj/Hex       #.........   100%        4
 Hailstorm                Conj/Ice       #.......     100%        4
 Ice Form                 Ice/Tmut       #.......     100%        4
 Iskenderun's Mystic Bla  Conj/Tloc      #.......     100%        4
 Passage of Golubria      Tloc           N/A          100%        4
 Petrify                  Tmut/Erth      #.......     100%        4
 Sticky Flame             Conj/Fire      #.......     100%        4
 Summon Ice Beast         Ice/Summ       #.......     100%        4
 Summon Lightning Spire   Summ/Air       #.......     100%        4
 Agony                    Necr           #.......     100%        5
 Alistair's Intoxication  Tmut/Pois      #........    100%        5
 Blade Hands              Tmut           #.........   100%        5
 Bolt of Magma            Conj/Fire/Erth #.........   100%        5
 Borgnjor's Vile Clutch   Necr/Erth      #.........   100%        5
 Excruciating Wounds      Necr           #.........   100%        5
 Fireball                 Conj/Fire      #.........   100%        5
 Irradiate                Conj/Tmut      #.........   100%        5
 Iskenderun's Battlesphe  Conj           #.......     100%        5
 Lee's Rapid Deconstruct  Erth           #.........   100%        5
 Lightning Bolt           Conj/Air       #.........   100%        5
 Silence                  Hex/Air        #.........   100%        5
 Yara's Violent Unravell  Hex/Tmut       #.........   100%        5
 Conjure Ball Lightning   Conj/Air       #.........   100%        6
 Dispersal                Tloc           #.........   100%        6
 Freezing Cloud           Conj/Ice/Air   #.........   100%        6
 Hydra Form               Tmut           #.........   100%        6
 Invisibility             Hex            #.......     100%        6
 Iron Shot                Conj/Erth      #.........   100%        6
 Simulacrum               Ice/Necr       #.........   100%        6
 Starburst                Conj/Fire      #.........   100%        6
 Statue Form              Tmut/Erth      #........    100%        6
 Dragon Form              Tmut           #.........   100%        7
 Haunt                    Necr/Summ      #.........   100%        7
 Malign Gateway           Summ/Tloc      #.........   100%        7
 Monstrous Menagerie      Summ           #.........   100%        7
 Orb of Destruction       Conj           #.........   100%        7
 Spellforged Servitor     Conj/Summ      #.........   100%        7
 Summon Greater Demon     Summ           #.........   100%        7
 Summon Hydra             Summ           #.........   100%        7
 Borgnjor's Revivificati  Necr           #.........   100%        8
 Discord                  Hex            #.........   100%        8
 Disjunction              Tloc           #.........   100%        8
 Ignition                 Fire           #.........   100%        8
 Infestation              Necr           #.........   100%        8
 Necromutation            Tmut/Necr      #.........   100%        8
 Summon Horrible Things   Summ           #.........   100%        8
 Death's Door             Necr           #.........   100%        9
 Shatter                  Erth           #.........   100%        9
 Tornado                  Air            #.........   100%        9


Dungeon Overview and Level Annotations

Branches:
Dungeon (15/15)            Temple (1/1) D:4            Lair (6/6) D:10
  Swamp (4/4) Lair:2       Shoals (4/4) Lair:2        Slime (5/5) Lair:5
    Orc (2/2) D:10            Elf (3/3) Orc:2        Vaults (5/5) D:14
  Crypt (3/3) Vaults:3       Tomb (0/3) Crypt:3      Depths (5/5) D:15
   Hell (visited)             Dis (1/7) Hell            Geh (7/7) Hell
    Coc (1/7) Hell            Tar (7/7) Hell            Zot (5/5) Depths:5
Gauntlet (visited)
  Snake: Lair:2-4    Spider: Lair:2-4

Altars:
Ashenzari
Cheibriados
Dithmenos
Elyvilon
Fedhas
Gozag
Hepliaklqana
Kikubaaqudgha
Makhleb
Nemelex Xobeh
Okawaru
Qazlal
Ru
Sif Muna
Trog
Uskayaw
Vehumet
Wu Jian
Xom
Yredelemnul
Zin
The Shining One

Shops:
D:13 [   Orc:2 [[**   Shoals:3 (   Vaults:3 *   Depths:2 }}   Depths:3 (
Depths:5 *

Portals:
Hell: Depths:1 Depths:2 Depths:3 Depths:4 Depths:5
Abyss: Depths:2 Depths:4
Pandemonium: Depths:2 Depths:3
Ziggurat: Depths:1

Annotations:
D:14 2 transporters
Depths:5 6 runed translucent doors
Tar:7 Ereshkigal


Innate Abilities, Weirdness & Mutations

You can be seen from farther away. (+LOS)
You can swim through water.
You cover ground slowly.
You can hop long distances.
You have sharp toenails.
You are partially covered in thin metallic scales. (AC +2)
You possess an exceptional clarity of mind.
Your system is resistant to poisons. (rPois)


Message History

Unknown command.
Unknown command.
Unknown command.
Unknown command.
You hit Ereshkigal.
Ereshkigal convulses.
Ereshkigal is severely wounded.
The Tzitzimitl calls on the powers of darkness!
Your body is wracked with pain!
* * * LOW HITPOINT WARNING * * *
Your angel convulses!
Your daeva convulses!
Your angel convulses!
Your daeva convulses!
The Tzitzimitl calls on the powers of darkness!
Your body is wracked with pain!
* * * LOW HITPOINT WARNING * * *
Your angel convulses! x2; Your daeva convulses! x2
Your daeva calls down the wrath of the Shining One upon the Tzitzimitl.
The Tzitzimitl is smitten.
The Ice Fiend claws you.
* * * LOW HITPOINT WARNING * * *
The Ice Fiend freezes you!! You resist.
You die...

#.........................,,,,
#.........................,,,,
#.........†############...,,,*
#.........##,,,,,,,,,,*#..,,,,
#........##,,********,,**,,,,,
#........#***+######+****,,,,,
#........# ###......##* *,,...
#........###.11.......***,...#
#........##.1@&1......1#*,....
#.......###.8AAA.....8.#**....
#.....A.###...A........##*....
#......###..............#*#...
#......# #..8........8..# #..#
#......#*#..............# #...
#.......*##............#*###..
#.......#*#.8........8.###.###
#........*#............##....#


You could see Ereshkigal (silencing), 3 Tzitzimimeh, an Ice Fiend (summoned), 2
friendly daevas and 2 friendly angels.

Vanquished Creatures
  the Royal Jelly (Slime:5)
  the Serpent of Hell (Geh:7)
  5 orbs of fire
  6 ancient liches
  Mennas (Crypt:1)
  Mara (Swamp:3)
  A juggernaut (Depths:3)
  Boris (Crypt:2)
  5 Killer Klowns
  Geryon (Hell)
  9 golden dragons
  11 bone dragons
  12 Brimstone Fiends
  22 Tzitzimimeh
  6 doom hounds
  5 electric golems
  17 liches
  A hellephant (Depths:5)
  2 Hell Sentinels (Dis:1)
  22 tentacled monstrosities
  Jorgrun (Swamp:2)
  25 Orb Guardians (Zot:5)
  13 titans
  3 deep elf blademasters
  3 deep elf master archers
  29 acid blobs
  Gastronok (D:9)
  Frances (D:13)
  7 quicksilver dragons
  A kraken (Shoals:4)
  A sphinx (Vaults:5)
  8 death cobs
  6 tentacled starspawn
  7 ancient champions
  8 tengu reavers
  2 Executioners
  A thorn hunter (Swamp:4)
  18 shadow dragons
  8 draconian monks
  7 storm dragons
  21 azure jellies
  5 revenants
  A fenstrider witch (Swamp:2)
  3 iron dragons
  20 frost giants
  An azure jelly (shapeshifter) (Vaults:4)
  7 draconian scorchers
  12 balrugs
  13 deep elf sorcerers
  3 ghost moths
  14 vault wardens
  10 draconian knights
  Louise (Swamp:1)
  18 fire giants
  A curse skull (Crypt:3)
  4 draconian shifters
  Aizul (Lair:2)
  5 draconian stormcallers
  20 very ugly things
  7 ghouls
  3 war gargoyles (Vaults:5)
  5 deep elf elementalists (Elf:3)
  An entropy weaver (Vaults:4)
  10 ironheart preservers
  9 draconian annihilators
  25 stone giants
  Nessos (Orc:2)
  15 reapers
  10 vampire knights
  11 green draconians
  4 lorocyprocas
  7 deep elf annihilators
  6 deep elf demonologists
  20 purple draconians
  17 white draconians
  17 yellow draconians
  A bunyip (Swamp:4)
  A dire elephant (Zot:3)
  A minotaur (Gauntlet)
  16 red draconians
  20 black draconians
  The ghost of Vig Uhad the Martial Artist, a journeyman OpTm of Cheibriados (Lair:5)
  6 spark wasps
  4 merfolk javelineers
  An eleionoma (Swamp:2)
  A green death (Abyss:1)
  4 blizzard demons (Hell)
  5 eidola
  12 deep elf death magi
  4 crystal guardians (Depths:1)
  13 ettins
  8 merfolk impalers
  6 death oozes (Slime:4)
  2 shambling mangroves (Swamp:4)
  7 jiangshi
  19 yaktaur captains
  13 ogre magi
  17 fire dragons
  16 great orbs of eyes
  Josephine (D:15)
  15 ice dragons
  23 hydras
  7 boulder beetles
  9 deep elf high priests
  36 vault guards
  3 quicksilver dragon skeletons
  Erolcha (Orc:1)
  4 rakshasas
  The ghost of om the Protected, a journeyman MiMo of Zin (D:10)
  5 spriggan air magi
  3 catoblepae (Lair:6)
  12 centaur warriors
  15 two-headed ogres
  A merfolk avatar (Shoals:1)
  10 ghost crabs
  2 satyrs
  7 death knights
  An alligator snapping turtle (Shoals:4)
  Erica (D:13)
  11 deep troll shamans
  34 dancing weapons
  5 merfolk aquamancers
  4 deep troll earth magi
  32 hell hogs
  13 vampire magi
  4 tengu warriors
  3 alligators
  3 orc high priests (Orc:2)
  2 titan zombies
  9 death yaks
  7 thrashing horrors
  7 goliath frogs
  2 spriggan berserkers
  13 spriggans
  13 sun demons
  7 soul eaters
  33 deep elf knights
  2 iron golems (Hell)
  3 shadow wraiths
  10 iron trolls
  50 hell knights
  7 wretched stars
  A sixfirhy (Abyss:2)
  3 storm dragon zombies
  3 storm dragon skeletons
  2 titan skeletons
  100 skeletal warriors
  A salamander mystic (Depths:3)
  5 spriggan druids
  3 golden dragon zombies
  3 anaconda zombies
  9 sea snakes
  6 unseen horrors
  2 shadow dragon zombies
  8 wizards
  12 bog bodies
  14 shadow demons
  15 deep trolls
  9 swamp dragons
  13 flayed ghosts
  3 glowing orange brains
  13 ironbrand convokers
  5 anaconda skeletons
  An orange crystal statue (Depths:1)
  A mana viper (shapeshifter) (Vaults:5)
  28 deep elf archers
  A golden dragon skeleton (Tar:3)
  2 harpies (shapeshifter)
  23 phantasmal warriors
  14 orc knights
  Pikel (D:8)
  21 harpies
  20 necromancers
  14 cyclopes
  3 iron dragon zombies
  4 human zombies
  88 deep elf magi
  A wolf spider zombie (D:15)
  20 ugly things
  4 fire giant zombies
  2 stone giant zombies
  14 large abominations
  3 salamanders (Depths:3)
  A worldbinder (Abyss:3)
  9 orc sorcerers
  4 shadow dragon skeletons
  A shining eye (shapeshifter) (Vaults:5)
  7 frost giant zombies
  7 will-o-the-wisps
  A wolf spider (Vaults:4)
  2 iron dragon skeletons
  13 manticores
  7 shining eyes
  3 fire giant skeletons
  3 black mambas
  A shock serpent zombie (Geh:5)
  A guardian serpent (shapeshifter) (Depths:1)
  3 human skeletons
  39 moths of wrath
  4 water nymphs
  The ghost of ArcanElement the Magician, a novice DEWz of Sif Muna (D:6)
  3 merfolk sirens
  11 rust devils
  A stone giant skeleton (Tar:1)
  A torpor snail (Lair:3)
  8 smoke demons
  Joseph (D:9)
  4 centaur zombies
  4 dire elephant zombies
  7 apocalypse crabs
  A titan simulacrum (Abyss:3)
  6 frost giant skeletons
  9 molten gargoyles
  12 vault sentinels
  A guardian serpent (D:10)
  4 shock serpent skeletons
  2 orange demons (Depths:2)
  2 cane toads (shapeshifter)
  12 cane toads
  3 eyes of devastation
  A naga mage (D:13)
  4 gargoyles
  An ice statue (Hell)
  20 hellions
  A yellow draconian zombie (Crypt:1)
  An emperor scorpion zombie (Geh:4)
  2 dire elephant skeletons
  6 komodo dragons
  A kobold demonologist (D:13)
  A catoblepas zombie (Tar:6)
  A demonic crawler (Depths:5)
  6 rime drakes
  4 efreet
  5 hydra zombies
  3 hellwings (Abyss:2)
  An entropy weaver simulacrum (Vaults:2)
  3 yaktaur zombies
  21 freezing wraiths
  81 yaktaurs
  A purple draconian skeleton (Crypt:3)
  3 ice devils
  18 tormentors
  4 guardian mummies (Depths:2)
  A redback zombie (D:15)
  3 ancient zymes
  A troll (shapeshifter) (Elf:1)
  A meliai (shapeshifter) (Vaults:3)
  2 tengu conjurers
  13 trolls
  15 red devils
  28 merfolk
  20 hornets
  A jumping spider (Vaults:4)
  2 silent spectres
  An iron troll skeleton (Crypt:2)
  12 tyrant leeches
  2 polar bears
  21 blink frogs
  Prince Ribbit (D:5)
  A tyrant leech (shapeshifter) (Vaults:3)
  A blink frog (shapeshifter) (D:12)
  4 wind drakes
  2 fire dragon zombies
  An ice dragon zombie (Dis:1)
  A meliai zombie (Crypt:3)
  10 raiju
  2 hydra skeletons
  Grinder (D:5)
  3 ettin zombies
  91 slime creatures
  3 alligator zombies
  18 dream sheep
  A stone giant simulacrum (Vaults:5)
  A raiju (shapeshifter) (Vaults:2)
  14 snapping turtles
  13 small abominations
  2 harpy skeletons
  An alligator skeleton (Hell)
  A vampire (D:14)
  A redback (shapeshifter) (Vaults:5)
  8 starcursed masses (Abyss:4)
  6 air elementals
  2 redbacks (Vaults:4)
  3 fire dragon skeletons
  81 flying skulls
  71 yaks
  28 shadows
  A tarantella (shapeshifter) (D:12)
  4 ettin skeletons
  26 wraiths
  5 ice dragon skeletons
  5 ynoxinuls
  A wind drake zombie (Crypt:3)
  3 basilisks
  5 wyverns
  5 black mamba zombies
  10 fire bats
  A steam dragon (shapeshifter) (Vaults:5)
  15 golden eyes
  A basilisk (shapeshifter) (Depths:2)
  A hog (shapeshifter) (Vaults:2)
  25 water elementals
  Grum (D:8)
  2 chaos spawn
  A black mamba skeleton (Geh:7)
  A catoblepas simulacrum (Lair:5)
  14 fire elementals
  8 wargs
  13 vampire mosquitoes
  3 neqoxecs (Abyss:4)
  A steam dragon (D:12)
  A soldier ant (D:12)
  5 insubstantial wisps (Abyss:3)
  A merfolk zombie (Geh:1)
  An acid dragon (D:13)
  13 swamp worms
  17 water moccasins
  A hydra simulacrum (Hell)
  A cane toad zombie (Geh:4)
  32 hell hounds
  A floating eye (Slime:5)
  A black bear (shapeshifter) (Depths:1)
  5 cane toad skeletons
  2 ice beasts
  29 orc warriors
  A sky beast (shapeshifter) (D:13)
  6 swamp drakes
  2 hornet zombies
  A swamp dragon zombie (Tar:2)
  5 phantoms
  3 snapping turtle zombies
  12 necrophages
  A black mamba simulacrum (Lair:5)
  A lindwurm zombie (Crypt:1)
  5 sky beasts
  2 manticore zombies
  An ettin simulacrum (Vaults:3)
  21 boggarts
  3 black bears
  A dream sheep zombie (Crypt:3)
  8 eyes of draining
  23 ogres
  The ghost of Demosthentine the Poker, an amateur MfGl (D:3)
  28 wolves
  A manticore skeleton (Crypt:3)
  3 swamp dragon skeletons
  20 centaurs
  2 snapping turtle skeletons (Crypt:3)
  14 big kobolds
  2 wyvern zombies
  24 bullfrogs
  2 cane toad simulacra
  An ogre simulacrum (Vaults:1)
  A merfolk simulacrum (Crypt:1)
  A salamander skeleton (Crypt:3)
  5 earth elementals
  A wyvern skeleton (D:6)
  4 scorpions
  A cyclops skeleton (Crypt:3)
  A cyclops zombie (Crypt:2)
  A killer bee (shapeshifter) (Vaults:5)
  A human simulacrum (Vaults:1)
  An elephant simulacrum (Lair:5)
  An orc simulacrum (Vaults:1)
  A troll zombie (Dis:1)
  20 killer bees
  58 wights
  A spectral bullfrog (D:12)
  2 spriggan skeletons
  A rime drake simulacrum (Lair:5)
  3 electric eels
  2 quasits
  3 bullfrog zombies
  4 howler monkeys
  15 crimson imps
  12 jellies
  13 orc priests
  3 hounds
  A soldier ant zombie (Crypt:1)
  A yaktaur simulacrum (Vaults:1)
  Crazy Yiuf (D:2)
  2 bullfrog skeletons
  26 orc wizards
  9 centaur skeletons
  9 iron imps
  A demonspawn zombie (Crypt:2)
  3 iguanas
  12 hell rats
  7 worker ants
  A centaur simulacrum (D:12)
  A big kobold skeleton (Crypt:1)
  A hound zombie (D:9)
  A hound skeleton (D:7)
  4 mummies (Depths:2)
  2 worker ant zombies
  3 gnolls (D:3)
  A steam dragon zombie (Crypt:2)
  12 adders
  12 shadow imps
  6 white imps
  4 ufetubi
  An ooze (Slime:4)
  2 adder skeletons
  3 worms
  3 dart slugs
  A leopard gecko (D:5)
  83 orcs
  2 ball pythons
  9 giant cockroaches
  2 gnoll zombies (D:5)
  13 hobgoblins
  14 jackals
  35 kobolds
  6 quokkas
  9 bats
  4 frilled lizards
  A frilled lizard skeleton (Crypt:3)
  9 goblins
  A goblin skeleton (Crypt:2)
  A hobgoblin skeleton (Crypt:1)
  A jackal skeleton (D:4)
  2 leopard gecko zombies
  An orc skeleton (Geh:1)
  A quokka skeleton (D:7)
  7 rats
  4 starspawn tentacles
  2 tentacles (Shoals:4)
3544 creatures vanquished.

Vanquished Creatures (collateral kills)
  Asmodeus (Geh:7)
  An ancient lich (Tar:7)
  A Brimstone Fiend (Geh:4)
  2 Tzitzimimeh (Tar:7)
  A doom hound (Tar:7)
  A lich (Tar:7)
  2 tentacled monstrosities
  2 shadow dragons
  A fire giant (Geh:7)
  A frost giant (Vaults:5)
  2 draconian shifters
  An ironheart preserver (Vaults:4)
  A reaper (Tar:7)
  A stone giant (Depths:2)
  A vampire knight (Tar:7)
  A red draconian (Depths:5)
  A purple draconian (Zot:3)
  A white draconian (Depths:5)
  A yaktaur captain (Vaults:4)
  A great orb of eyes (Vaults:4)
  A merfolk avatar (Shoals:3)
  2 ogre magi
  5 two-headed ogres
  A dancing weapon (Elf:1)
  A deep troll shaman (Depths:1)
  5 hell hogs
  2 vampire magi
  A storm dragon zombie (Tar:5)
  A soul eater (Hell)
  A wretched star (Abyss:3)
  7 hell knights
  3 skeletal warriors (Tar:7)
  A titan skeleton (Tar:7)
  A shadow demon (Tar:7)
  A storm dragon skeleton (Geh:7)
  A death drake (shapeshifter) (Vaults:5)
  An ironbrand convoker (Vaults:3)
  A glowing orange brain (Abyss:4)
  4 deep trolls
  3 harpies
  A phantasmal warrior (Tar:7)
  A wolf spider zombie (Tar:7)
  3 manticores
  A moth of wrath (Zot:4)
  2 deep elf magi
  An ugly thing (Vaults:4)
  A manticore (shapeshifter) (Vaults:5)
  An iron dragon skeleton (Geh:7)
  A water nymph (Shoals:3)
  A molten gargoyle (Geh:7)
  A merfolk siren (Shoals:2)
  An emperor scorpion zombie (Geh:7)
  4 hellions
  A yaktaur (Vaults:3)
  A tormentor (Tar:7)
  3 freezing wraiths
  2 merfolk
  2 red devils
  A wind drake (Shoals:4)
  2 snapping turtles
  2 dream sheep (Shoals:3)
  An ice dragon zombie (Tar:7)
  A raiju (Abyss:1)
  3 shadows (Tar:7)
  2 flying skulls
  2 neqoxecs
  2 hell hounds (Geh:7)
  An ogre (Vaults:4)
  4 necrophages
  2 phantoms
  A small abomination (Abyss:3)
  A salamander skeleton (Crypt:1)
  3 wights (Geh:4)
  3 crimson imps (Geh:7)
  A starcursed mass (Abyss:4)
127 creatures vanquished.

Vanquished Creatures (others)
  A lich (Depths:5)
  2 fire giants
  A draconian knight (Zot:3)
  A stone giant (Crypt:2)
  An ogre mage (Depths:4)
  A rakshasa (Vaults:3)
  A hydra (D:14)
  An ice dragon (D:14)
  An alligator (Swamp:3)
  2 hell hogs (Geh:4)
  A goliath frog (Swamp:3)
  A deep elf knight (Elf:3)
  A large abomination (Abyss:3)
  A vampire mage (Depths:1)
  A spriggan druid (Swamp:3)
  A wizard (D:12)
  A deep elf archer (Elf:3)
  2 deep elf magi
  A will-o-the-wisp (Swamp:3)
  A moth of wrath (Zot:1)
  A cane toad (Lair:2)
  5 bloated husks
  A hornet (Swamp:1)
  2 flying skulls (Geh:4)
  A water elemental (Elf:3)
  An air elemental (Elf:3)
  3 vampire mosquitoes (Swamp:1)
  2 hell hounds (Geh:4)
  An ogre (Vaults:5)
  An eye of draining (shapeshifter) (D:14)
  A necrophage (Geh:4)
  2 boggarts
  A phantom (D:9)
  2 small abominations
  A wight (Geh:4)
  An orc wizard (Orc:2)
  An iguana (Lair:2)
  5 orcs
  A kobold (D:11)
  3 briar patches (Swamp:4)
  31 foxfires
  33 fungi
  A lurking horror (Abyss:3)
  118 plants
  17 starspawn tentacles
  2 tentacles (Shoals:4)
  40 withered plants (Swamp:3)
301 creatures vanquished.

Grand Total: 3972 creatures vanquished

Notes
Turn   | Place    | Note
-------+----------+-------------------------------------------
     0 | D:1      | mattiecakes the Barachi Fighter began the quest for the
                  | Orb.
     0 | D:1      | Reached XP level 1. HP: 18/18 MP: 1/1
   215 | D:1      | Reached XP level 2. HP: 20/25 MP: 2/2
   505 | D:1      | Reached skill level 1 in Dodging
   587 | D:1      | Reached XP level 3. HP: 30/30 MP: 3/3
   669 | D:1      | Reached skill level 3 in Long Blades
  1294 | D:2      | Reached XP level 4. HP: 37/37 MP: 4/4
  1937 | D:2      | Found a runed translucent door.
  1938 | D:2      | Noticed Crazy Yiuf
  1956 | D:2      | Killed Crazy Yiuf
  2347 | D:3      | Noticed Demosthentine's ghost (amateur MfGl)
  2350 | D:3      | Found a runed translucent gate.
  2350 | D:3      | Found a runed translucent gate.
  2350 | D:3      | Found a runed translucent gate.
  2351 | D:3      | Identified the +10 dagger "Rouhyude" {pain, Str+2 Dex+3}
  2351 | D:3      | Noticed a big kobold
  2352 | D:3      | Noticed a big kobold
  2501 | D:3      | Reached XP level 5. HP: 43/43 MP: 5/5
  2549 | D:3      | Found a transporter.
  2550 | D:3      | Noticed a centaur
  2551 | D:3      | Found a transporter.
  2589 | D:3      | Found an opulent altar of Gozag.
  3198 | D:3      | Killed a centaur
  3198 | D:3      | Reached skill level 4 in Long Blades
  3198 | D:3      | Reached XP level 6. HP: 44/50 MP: 6/6
  3507 | D:4      | Found a shimmering altar of Xom.
  3526 | D:4      | Found a staircase to the Ecumenical Temple.
  3562 | Temple   | Entered the Ecumenical Temple
  3639 | Temple   | Became a worshipper of Warmaster Okawaru
  3692 | D:4      | Found a hide-covered altar of Uskayaw.
  3788 | D:4      | Reached skill level 5 in Fighting
  3945 | D:4      | Reached skill level 5 in Armour
  3996 | D:4      | You fall into a shaft and drop 1 floor!
  3996 | D:5      | Entered Level 5 of the Dungeon
  4003 | D:5      | Reached XP level 7. HP: 55/56 MP: 7/7
  4008 | D:5      | Reached * piety under Okawaru
  4008 | D:5      | Reached skill level 1 in Invocations
  4056 | D:5      | Reached skill level 5 in Shields
  4250 | D:5      | Noticed Grinder
  4279 | D:5      | Killed Grinder
  4496 | D:4      | Found a stormy altar of Qazlal.
  4496 | D:4      | Found a white marble altar of Elyvilon.
  4839 | D:5      | Reached skill level 5 in Long Blades
  4839 | D:5      | Reached XP level 8. HP: 64/64 MP: 9/9
  4919 | D:5      | Found a basalt altar of Yredelemnul.
  4965 | D:5      | Found a blossoming altar of Fedhas.
  4965 | D:5      | Found an ancient bone altar of Kikubaaqudgha.
  4971 | D:5      | Noticed Prince Ribbit
  4991 | D:5      | Killed Prince Ribbit
  4991 | D:5      | Reached ** piety under Okawaru
  5601 | D:6      | Found a runed translucent gate.
  5601 | D:6      | Found a runed translucent gate.
  5601 | D:6      | Found a runed translucent gate.
  5602 | D:6      | Noticed ArcanElement's ghost (novice DEWz)
  5602 | D:6      | Identified the +6 short sword "Raisin" {drain, rF+ Int+2}
  6197 | D:3      | Killed Demosthentine's ghost
  6205 | D:3      | Reached skill level 6 in Long Blades
  6205 | D:3      | Reached skill level 5 in Dodging
  6218 | D:3      | Reached XP level 9. HP: 26/71 MP: 11/11
  6849 | D:7      | Reached *** piety under Okawaru
  7470 | D:7      | Found a burning altar of Makhleb.
  7650 | D:8      | Noticed Grum
  8033 | D:7      | Reached **** piety under Okawaru
  8215 | D:8      | Killed Grum
  8215 | D:8      | Reached skill level 7 in Long Blades
  8296 | D:8      | Noticed Pikel
  8320 | D:8      | Killed Pikel
  8320 | D:8      | Reached XP level 10. HP: 70/80 MP: 13/13
  8740 | D:9      | Noticed Gastronok
  8915 | D:9      | Killed Gastronok
  8915 | D:9      | Reached ***** piety under Okawaru
  8915 | D:9      | Reached skill level 8 in Long Blades
  8915 | D:9      | Reached skill level 5 in Invocations
  9128 | D:9      | Received a gift from Okawaru
  9683 | D:9      | Identified the +8 dagger "Raicohet" {flame, rC+ MR+}
  9719 | D:9      | Reached XP level 11. HP: 51/89 MP: 15/15
  9996 | D:9      | Noticed Joseph
 10013 | D:9      | Killed Joseph
 10194 | D:9      | Received a gift from Okawaru
 10499 | D:9      | Got a spiked ring mail {god gift}
 10667 | D:5      | Identified the +2 ring mail of Insurance {rC+ Str+3}
                  | (Okawaru gifted it to you on level 9 of the Dungeon)
 10827 | D:10     | Entered Level 10 of the Dungeon
 10883 | D:10     | Found a runed translucent gate.
 10883 | D:10     | Found a runed translucent gate.
 10883 | D:10     | Found a runed translucent gate.
 10884 | D:10     | Noticed a ten-headed hydra
 10886 | D:10     | Noticed a ten-headed hydra
 10888 | D:10     | Noticed om's ghost (journeyman MiMo)
 11171 | D:10     | Identified the ring of Inadghy {*Tele Dex-5 Slay+2 Stlth+}
 11195 | D:10     | Found a staircase to the Orcish Mines.
 11258 | D:10     | Found a staircase to the Lair.
 11468 | D:10     | Noticed Erica
 12411 | D:11     | Paralysed by a hornet for 1 turns
 12441 | D:11     | Reached skill level 9 in Long Blades
 12678 | D:11     | Noticed a white ugly thing
 12700 | D:11     | Killed a white ugly thing
 12895 | D:11     | Noticed a five-headed hydra
 12909 | D:11     | Killed a five-headed hydra
 13059 | D:11     | Reached skill level 10 in Fighting
 13307 | D:11     | Found a shimmering altar of Xom.
 13308 | D:11     | Found a shimmering altar of Xom.
 13308 | D:11     | Found a shimmering altar of Xom.
 13308 | D:11     | Found a shimmering altar of Xom.
 13329 | D:11     | Reached skill level 10 in Armour
 13340 | D:11     | Reached XP level 12. HP: 79/97 MP: 16/16
 13425 | D:11     | Noticed a two-headed ogre
 13425 | D:11     | a dream sheep changed into a two-headed ogre
 13480 | D:11     | Reached ****** piety under Okawaru
 13662 | Lair:1   | Entered Level 1 of the Lair of Beasts
 14572 | Lair:1   | Received a gift from Okawaru
 14787 | Lair:1   | Reached skill level 10 in Long Blades
 15076 | Lair:2   | Noticed an eight-headed hydra
 15095 | Lair:2   | Killed an eight-headed hydra
 15206 | Lair:2   | Found a staircase to the Swamp.
 16015 | Lair:2   | Reached skill level 10 in Shields
 16055 | Lair:2   | Found a staircase to the Shoals.
 16189 | Lair:2   | Noticed a death yak
 16191 | Lair:2   | Noticed a death yak
 16194 | Lair:2   | Noticed a death yak
 16462 | Lair:2   | Killed a death yak
 16544 | Lair:2   | Killed a death yak
 16549 | Lair:2   | Killed a death yak
 17133 | Lair:3   | Gained mutation: You can hop long distances. [Barachi
                  | growth]
 17133 | Lair:3   | Reached XP level 13. HP: 89/106 MP: 18/18
 17304 | Lair:3   | Reached skill level 10 in Dodging
 17684 | Lair:3   | Reached skill level 11 in Long Blades
 18532 | Lair:4   | Received a gift from Okawaru
 20883 | Lair:5   | Found a staircase to the Slime Pits.
 21074 | Lair:5   | Found a runed translucent gate.
 21082 | Lair:5   | Found a runed translucent gate.
 21082 | Lair:5   | Found a runed translucent gate.
 21533 | Lair:5   | Noticed Vig Uhad's ghost (journeyman OpTm)
 21533 | Lair:5   | Noticed an ice dragon
 21617 | Lair:6   | Entered Level 6 of the Lair of Beasts
 21788 | Lair:6   | Reached skill level 12 in Long Blades
 22072 | Lair:6   | Reached XP level 14. HP: 115/115 MP: 19/19
 22313 | Lair:6   | Reached skill level 13 in Long Blades
 22489 | Lair:6   | Received a gift from Okawaru
 22553 | Lair:6   | Reached skill level 14 in Long Blades
 22771 | Lair:6   | Got a steaming great sword {god gift}
 22788 | Lair:6   | Identified the +1 great sword of Bread {antimagic, rElec}
                  | (Okawaru gifted it to you on level 6 of the Lair of Beasts)
 24270 | D:12     | Reached skill level 15 in Long Blades
 24276 | D:12     | Received a gift from Okawaru
 24343 | D:12     | Found a gate leading to a gauntlet.
 24349 | Gauntlet | Entered a Gauntlet
 24349 | Gauntlet | Found a transporter.
 24358 | Gauntlet | Found a transporter.
 24360 | Gauntlet | Found a transporter.
 24360 | Gauntlet | Noticed a dire elephant
 24362 | Gauntlet | Found a transporter.
 24364 | Gauntlet | Found the +0 mask of the Dragon {MR+ Slay+3 SInv}
 24364 | Gauntlet | Found a transporter.
 24365 | Gauntlet | Found a transporter.
 24366 | Gauntlet | Found a large runed translucent door.
 24367 | Gauntlet | Found a large runed translucent door.
 24368 | Gauntlet | Found a large runed translucent door.
 24368 | Gauntlet | Found a large runed translucent door.
 24368 | Gauntlet | Found a runed translucent door.
 24368 | Gauntlet | Found a runed translucent door.
 24369 | Gauntlet | Found a large runed translucent door.
 24370 | Gauntlet | Found a large runed translucent door.
 24371 | Gauntlet | Found a large runed translucent door.
 24371 | Gauntlet | Found a large runed translucent door.
 24372 | Gauntlet | Found a large runed translucent door.
 24372 | Gauntlet | Found a large runed translucent door.
 24372 | Gauntlet | Found a large runed translucent door.
 24372 | Gauntlet | Found a large runed translucent door.
 24372 | Gauntlet | Found a runed translucent gate.
 24372 | Gauntlet | Found a runed translucent gate.
 24372 | Gauntlet | Found a runed translucent gate.
 24373 | Gauntlet | Found a transporter.
 24374 | Gauntlet | Found a transporter.
 24374 | Gauntlet | Noticed a balrug
 24394 | Gauntlet | Found a transporter.
 24411 | Gauntlet | Found a transporter.
 24419 | Gauntlet | Found a transporter.
 24423 | Gauntlet | Found a transporter.
 24486 | Gauntlet | Found a large runed translucent door.
 24486 | Gauntlet | Found a large runed translucent door.
 24489 | Gauntlet | Found a large runed translucent door.
 24489 | Gauntlet | Found a large runed translucent door.
 24850 | Gauntlet | Killed a balrug
 25141 | Gauntlet | Got a pair of fine boots
 25152 | Gauntlet | Identified the cursed +0 pair of boots of Midwinter {rPois
                  | rCorr Str+4} (You found it in a Gauntlet)
 25180 | Gauntlet | Identified the +9 war axe "Zyodghec" {vorpal, Dex+4}
 25180 | Gauntlet | Identified the cursed +0 kite shield of Toxtes {rPois}
 25410 | Gauntlet | Got an ichor-stained ring mail
 26157 | Lair:5   | Killed Vig Uhad's ghost
 26532 | Lair:5   | Got the ring "Woceeseb" {Fire}
 26542 | Lair:5   | Identified the ring "Woceeseb" {Fire MR++ Str-4 SInv
                  | Stlth-} (You found it on level 5 of the Lair of Beasts)
 27115 | D:12     | Reached skill level 16 in Long Blades
 27308 | D:12     | Reached XP level 15. HP: 122/122 MP: 20/20
 27342 | D:12     | Received a gift from Okawaru
 27366 | D:12     | Got a turquoise-encrusted plate armour {god gift}
 27377 | D:12     | Identified the +3 plate armour of Ucvet {+Fly MP+9}
                  | (Okawaru gifted it to you on level 12 of the Dungeon)
 27381 | D:12     | Identified the +4 ring mail of Life {rCorr} (You found it
                  | in a Gauntlet)
 27545 | D:12     | Identified the Incunabulum of Illusion and the Rocks
 28538 | D:13     | Killed Erica
 28919 | D:13     | Found Fiegaasa's Armour Shoppe.
 29053 | D:13     | Found the +12 glaive of Prune {vorpal}
 29144 | Orc:1    | Entered Level 1 of the Orcish Mines
 29470 | Orc:1    | Noticed Erolcha
 29476 | Orc:1    | Killed Erolcha
 29847 | Orc:2    | Entered Level 2 of the Orcish Mines
 29879 | Orc:2    | Noticed Nessos
 29886 | Orc:2    | Killed Nessos
 29982 | Orc:2    | Found a staircase to the Elven Halls.
 30445 | Orc:2    | Received a gift from Okawaru
 30454 | Orc:2    | Paralysed by an orc sorcerer for 7 turns
 31232 | Orc:2    | Gained mutation: You do not regenerate when monsters are
                  | visible. [a neqoxec]
 31233 | Orc:2    | Gained mutation: Your body sometimes deteriorates upon
                  | taking damage. [a neqoxec]
 31536 | Orc:2    | Found Jate Erono's Antique Armour Shoppe.
 31536 | Orc:2    | Found Rorch's General Store.
 31538 | Orc:2    | Found Ywujer's Antique Armour Shoppe.
 31538 | Orc:2    | Found Qihahoefi's General Store.
 31558 | Orc:2    | Bought pitted gold dragon scales for 2210 gold pieces
 31558 | Orc:2    | Identified the cursed +1 gold dragon scales "Jajael" {rElec
                  | rPois rF+ rC+ Int+5 Slay-4} (You bought it in a shop on
                  | level 2 of the Orcish Mines)
 32039 | D:14     | Noticed a sphinx
 32409 | D:14     | Reached XP level 16. HP: 132/132 MP: 21/21
 32442 | D:14     | Received a gift from Okawaru
 32867 | D:14     | Reached skill level 17 in Long Blades
 32969 | D:14     | Found a gate to the Vaults.
 32989 | D:14     | Found a transporter.
 32996 | D:14     | Noticed Frances
 33388 | D:14     | Gained mutation: You occasionally shout uncontrollably at
                  | your foes. [a neqoxec]
 33403 | D:13     | Killed Frances
 33843 | D:14     | Found a transporter.
 34006 | D:14     | You fall into a shaft and drop 1 floor!
 34006 | D:15     | Entered Level 15 of the Dungeon
 35044 | D:15     | Cast into level 2 of the Abyss (a wizard)
 35044 | Abyss:2  | Found a corrupted altar of Lugonu.
 35063 | Abyss:2  | Found a corrupted altar of Lugonu.
 35555 | Abyss:2  | Noticed a bone dragon
 35576 | Abyss:2  | Killed a bone dragon
 35598 | Abyss:2  | Noticed a tentacled monstrosity
 35621 | Abyss:2  | Killed a tentacled monstrosity
 35636 | D:15     | Escaped the Abyss
 36025 | D:15     | Found a staircase to the Depths.
 36123 | D:15     | Noticed Josephine
 36132 | D:15     | Killed Josephine
 36132 | D:15     | Received a gift from Okawaru
 36795 | Swamp:1  | Entered Level 1 of the Swamp
 36801 | Swamp:1  | Noticed Aizul
 36874 | Lair:2   | Reached XP level 17. HP: 119/140 MP: 22/22
 37084 | Lair:2   | Killed Aizul
 37719 | Swamp:1  | Noticed Louise
 38021 | Swamp:1  | Killed Louise
 38021 | Swamp:1  | Reached skill level 15 in Fighting
 38097 | Swamp:1  | Reached skill level 15 in Armour
 39114 | Swamp:2  | Noticed Jorgrun
 39156 | Swamp:2  | Killed Jorgrun
 39837 | Swamp:2  | Reached skill level 18 in Long Blades
 39845 | Swamp:2  | Got a smoking buckler
 39846 | Swamp:2  | Identified the +1 buckler of Gallantry {rPois} (You found
                  | it on level 2 of the Swamp)
 40760 | Swamp:3  | Found a runed translucent door.
 41227 | Swamp:3  | Noticed Mara
 41315 | Swamp:3  | Killed Mara
 41315 | Swamp:3  | Received a gift from Okawaru
 43704 | Swamp:4  | Entered Level 4 of the Swamp
 43708 | Swamp:4  | Reached XP level 18. HP: 148/151 MP: 23/23
 45379 | Swamp:4  | Got a decaying rune of Zot
 45499 | Swamp:4  | Got a pair of brightly glowing boots
 45500 | Swamp:4  | Identified the cursed -2 pair of boots "Duxinok" {Harm
                  | Str-4 Dex+7 SInv} (You found it on level 4 of the Swamp)
 45631 | Shoals:1 | Entered Level 1 of the Shoals
 45676 | Shoals:1 | Reached skill level 15 in Shields
 45923 | D:6      | Killed ArcanElement's ghost
 46107 | D:10     | Killed om's ghost
 46107 | D:10     | Received a gift from Okawaru
 46108 | D:10     | Found the +9 sword of Zonguldrok {reap}
 47271 | Shoals:3 | Found Douwn's Weapon Shoppe.
 47628 | Shoals:2 | Identified Sif Muna's Catalogue of the Hidden Youths
 47933 | Shoals:2 | Reached skill level 15 in Dodging
 47952 | Shoals:2 | Received a gift from Okawaru
 47952 | Shoals:2 | Reached skill level 19 in Long Blades
 49078 | Shoals:3 | Received a gift from Okawaru
 50073 | Shoals:4 | Entered Level 4 of the Shoals
 50085 | Shoals:3 | Reached XP level 19. HP: 147/159 MP: 24/24
 51600 | Shoals:4 | Got a barnacled rune of Zot
 52049 | Elf:1    | Entered Level 1 of the Elven Halls
 52355 | Elf:1    | Received a gift from Okawaru
 53211 | Elf:1    | Found a gateway to a bazaar.
 53282 | Bazaar   | Entered a bazaar
 53285 | Bazaar   | Found Tenan's General Store.
 53291 | Bazaar   | Found Afilon's Magic Scroll Boutique.
 53304 | Bazaar   | Found Rofovvu's Antique Weapon Emporium.
 53315 | Bazaar   | Found Jymidot's Gadget Shop.
 53316 | Bazaar   | Found Ybid's Antique Armour Shop.
 53374 | Bazaar   | Bought a scroll of enchant weapon for 82 gold pieces
 53382 | Bazaar   | Bought a scroll of teleportation for 27 gold pieces
 53382 | Bazaar   | Bought 3 scrolls of teleportation for 81 gold pieces
 53382 | Bazaar   | Bought a scroll of enchant armour for 67 gold pieces
 53382 | Bazaar   | Bought a scroll of silence for 67 gold pieces
 53382 | Bazaar   | Bought a scroll of blinking for 67 gold pieces
 53692 | Elf:2    | Found a runed translucent gate.
 53692 | Elf:2    | Found a runed translucent gate.
 53693 | Elf:2    | Found a runed translucent gate.
 53740 | Elf:2    | Received a gift from Okawaru
 55125 | Elf:2    | Reached XP level 20. HP: 167/168 MP: 25/25
 55485 | Elf:2    | Received a gift from Okawaru
 55594 | Elf:2    | Reached skill level 20 in Long Blades
 56089 | Elf:3    | Entered Level 3 of the Elven Halls
 57480 | Elf:3    | Received a gift from Okawaru
 58704 | Elf:3    | Identified the +7 whip of the Madman {speed, Dex+4}
 58750 | Elf:3    | Identified the +5 trident of Context {holy, MR+ Int+2
                  | Stlth-}
 58757 | Elf:3    | Received a gift from Okawaru
 59197 | Elf:3    | Identified the +5 glaive "Rohutut" {flame, Int-5 Dex+4}
 59385 | Elf:3    | Reached XP level 21. HP: 157/178 MP: 26/26
 60385 | Vaults:1 | Entered Level 1 of the Vaults
 61327 | Vaults:1 | Received a gift from Okawaru
 63651 | Vaults:2 | Reached skill level 21 in Long Blades
 64503 | Vaults:3 | Received a gift from Okawaru
 64514 | Vaults:3 | Got a masterwork plate armour {god gift}
 64520 | Vaults:3 | Identified the +3 plate armour of Beastly Mirth {Harm rF++
                  | MP+9} (Okawaru gifted it to you on level 3 of the Vaults)
 65008 | Vaults:3 | Noticed a bone dragon
 65050 | Vaults:3 | Killed a bone dragon
 65207 | Vaults:3 | Found a staircase to the Crypt.
 65321 | Vaults:3 | Reached XP level 22. HP: 187/187 MP: 27/27
 65622 | Vaults:3 | Found Meoceyti's General Store.
 65628 | Vaults:3 | Bought a potion of might for 80 gold pieces
 66854 | Vaults:4 | Received a gift from Okawaru
 68730 | Vaults:4 | Upgraded the game from 0.26-a0-739-gf55cbd344a to
                  | 0.26-a0-752-gcff87cac9a
 68904 | Depths:1 | Entered Level 1 of the Depths
 69228 | Depths:1 | Found a gateway to Hell.
 69430 | Depths:1 | Found a runed translucent door.
 69433 | Depths:1 | Found the +7 captain's cutlass {speed, disarm}
 69534 | Depths:1 | Received a gift from Okawaru
 69550 | Depths:1 | Reached XP level 23. HP: 142/196 MP: 28/28
 69787 | Depths:1 | You fall into a shaft and drop 1 floor!
 69811 | Depths:2 | Found a one-way gate to the infinite horrors of the Abyss.
 70082 | Depths:2 | Found Eptunn's Gadget Boutique.
 70082 | Depths:2 | Found Dicoikki's Gadget Shop.
 70390 | Depths:2 | Received a gift from Okawaru
 70565 | Depths:2 | Reached skill level 22 in Long Blades
 71689 | Depths:2 | Found a one-way gate leading to the halls of Pandemonium.
 71916 | Depths:2 | Received a gift from Okawaru
 72409 | Depths:2 | Got a bloodstained crystal plate armour
 72420 | Depths:2 | Identified the cursed +0 crystal plate armour of Ethereal
                  | Surprise {rElec MR++ Dex-5} (You found it on level 2 of the
                  | Depths)
 73180 | Depths:3 | Found Lirchaoda's Antique Weapon Shop.
 74025 | Depths:3 | Got a steaming tin ring
 74055 | Depths:3 | Reached XP level 24. HP: 187/206 MP: 28/28
 74180 | Depths:3 | Noticed a juggernaut
 74197 | Depths:3 | Killed a juggernaut
 74197 | Depths:3 | Received a gift from Okawaru
 74208 | Depths:3 | Got a masterwork kite shield {god gift}
 74209 | Depths:3 | Identified the +4 kite shield "Nixocke" {Harm *Slow rPois
                  | Int+4} (Okawaru gifted it to you on level 3 of the Depths)
 74211 | Depths:3 | Identified the ring of Suoly {Wiz rC- Str+9 Dex+8} (You
                  | found it on level 3 of the Depths)
 74732 | Depths:3 | Found a portal to a secret trove of treasure.
 76765 | Depths:3 | Lost mutation: Your body sometimes deteriorates upon taking
                  | damage. [potion of mutation]
 76765 | Depths:3 | Lost mutation: You do not regenerate when monsters are
                  | visible. [potion of mutation]
 76765 | Depths:3 | Lost mutation: You occasionally shout uncontrollably at
                  | your foes. [potion of mutation]
 76765 | Depths:3 | Gained mutation: You have sharp fingernails. [potion of
                  | mutation]
 76765 | Depths:3 | Gained mutation: You evolve. [potion of mutation]
 76765 | Depths:3 | Gained mutation: You have a beak for a mouth. [potion of
                  | mutation]
 76765 | Depths:3 | Gained mutation: You have a somewhat thin skeletal
                  | structure. (Dex +2, Stealth) [potion of mutation]
 77066 | Depths:4 | Gained mutation: You are resistant to hostile enchantments.
                  | (MR+) [evolution]
 77066 | Depths:4 | Lost mutation: You evolve. [end of evolution]
 77794 | Depths:4 | Received a gift from Okawaru
 78014 | Depths:5 | Entered Level 5 of the Depths
 78014 | Depths:5 | Found Cissustre's General Store.
 78023 | Depths:5 | Bought a potion of haste for 110 gold pieces
 78046 | Depths:5 | Reached skill level 23 in Long Blades
 78339 | Depths:5 | Received a gift from Okawaru
 79032 | Depths:5 | Reached XP level 25. HP: 169/214 MP: 28/28
 79974 | Depths:5 | Found a runed translucent door.
 79976 | Depths:5 | Found a runed translucent door.
 79976 | Depths:5 | Found a runed translucent door.
 79988 | Depths:5 | Found a runed translucent door.
 80033 | Depths:5 | Found a runed translucent door.
 80033 | Depths:5 | Found a runed translucent door.
 80175 | Depths:5 | Found a gate to the Realm of Zot.
 80932 | Vaults:5 | Entered Level 5 of the Vaults
 81322 | Vaults:5 | Received a gift from Okawaru
 81786 | Vaults:5 | Found the +8 mithril axe "Arga" {speed, MR+}
 82148 | Vaults:5 | Received a gift from Okawaru
 82491 | Vaults:5 | Reached XP level 26. HP: 173/221 MP: 28/28
 83229 | Vaults:5 | Got an ebony long sword
 83235 | Vaults:5 | Identified the +7 long sword of Howi {vorpal, rF+ MR- Str+5
                  | SInv} (You found it on level 5 of the Vaults)
 83745 | Vaults:5 | Identified the ring "Asizagek" {rF+ rC+ rN+++ Dex-2 Stlth+}
 83755 | Vaults:5 | Identified the +2 bardiche of Action {pain, rElec MP-9
                  | Int+2 Dex+6}
 83761 | Vaults:5 | Reached skill level 24 in Long Blades
 84283 | Vaults:5 | Got a silver rune of Zot
 84894 | Zot:1    | Entered Level 1 of the Realm of Zot
 85476 | Zot:1    | Received a gift from Okawaru
 86831 | Zot:2    | Received a gift from Okawaru
 87488 | Zot:2    | Reached skill level 25 in Long Blades
 87732 | Zot:2    | Noticed an orb of fire
 87745 | Zot:2    | Gained mutation: You are weak. (Str -2) [an orb of fire]
 87748 | Zot:2    | Killed an orb of fire
 87748 | Zot:2    | Reached XP level 27. HP: 142/235 MP: 28/28
 88348 | Zot:2    | Received a gift from Okawaru
 88840 | Zot:3    | Received a gift from Okawaru
 90679 | Zot:3    | Received a gift from Okawaru
 90688 | Zot:3    | Reached skill level 26 in Long Blades
 92632 | Zot:4    | Received a gift from Okawaru
 92918 | Zot:5    | Entered Level 5 of the Realm of Zot
 93521 | Zot:5    | Noticed an ancient lich
 93533 | Zot:5    | Killed an ancient lich
 93596 | Zot:5    | Received a gift from Okawaru
 93724 | Zot:5    | Noticed an ancient lich
 93724 | Zot:5    | Noticed an orb of fire
 94159 | Zot:5    | Noticed an orb of fire
 94160 | Zot:5    | Killed an orb of fire
 94182 | Zot:5    | Killed an orb of fire
 94660 | Zot:5    | Noticed an orb of fire
 94777 | Zot:5    | Killed an orb of fire
 94914 | Zot:5    | Noticed an orb of fire
 94918 | Zot:5    | Reached skill level 27 in Long Blades
 94928 | Zot:5    | Gained mutation: Your spells are a little easier to cast,
                  | but a little less powerful. [an orb of fire]
 94931 | Zot:5    | Killed an orb of fire
 94933 | Zot:5    | Noticed an ancient lich
 94950 | Zot:5    | Killed an ancient lich
 94950 | Zot:5    | Noticed an ancient lich
 94953 | Zot:5    | Noticed an ancient lich
 94954 | Zot:5    | Killed an ancient lich
 95233 | Zot:5    | Received a gift from Okawaru
 95343 | Zot:5    | Killed an ancient lich
 95497 | Zot:5    | Killed an ancient lich
 96130 | Slime:1  | Entered Level 1 of the Pits of Slime
 96438 | Slime:2  | Gained mutation: You are dopey. (Int -2) [a shining eye]
 96778 | Slime:2  | Gained mutation: Scrolls take you a little longer to read.
                  | [a shining eye]
 96788 | Slime:2  | Gained mutation: You occasionally shout uncontrollably at
                  | your foes. [a shining eye]
 96796 | Slime:2  | Gained mutation: You are very dopey. (Int -4) [a shining
                  | eye]
 96798 | Slime:2  | Gained mutation: Your body sometimes deteriorates upon
                  | taking damage. [a shining eye]
 96800 | Slime:2  | Gained mutation: You sometimes yell uncontrollably at your
                  | foes. [a shining eye]
 96804 | Slime:2  | Lost mutation: You are resistant to hostile enchantments.
                  | (MR+) [a shining eye]
 96808 | Slime:2  | Gained mutation: You are very weak. (Str -4) [a shining
                  | eye]
 97720 | Slime:2  | Lost mutation: You sometimes yell uncontrollably at your
                  | foes. [potion of mutation]
 97720 | Slime:2  | Lost mutation: You have a beak for a mouth. [potion of
                  | mutation]
 97720 | Slime:2  | Lost mutation: Your spells are a little easier to cast, but
                  | a little less powerful. [potion of mutation]
 97720 | Slime:2  | Lost mutation: Scrolls take you a little longer to read.
                  | [potion of mutation]
 97721 | Slime:2  | Lost mutation: You are very dopey. (Int -4) [potion of
                  | mutation]
 97721 | Slime:2  | Lost mutation: You are very weak. (Str -4) [potion of
                  | mutation]
 97721 | Slime:2  | Lost mutation: Your body sometimes deteriorates upon taking
                  | damage. [potion of mutation]
 97721 | Slime:2  | Lost mutation: You occasionally shout uncontrollably at
                  | your foes. [potion of mutation]
 97721 | Slime:2  | Lost mutation: You have a somewhat thin skeletal structure.
                  | (Dex +2, Stealth) [potion of mutation]
 97721 | Slime:2  | Gained mutation: Your system is resistant to poisons.
                  | (rPois) [potion of mutation]
 97721 | Slime:2  | Gained mutation: You are robust. (+10% HP) [potion of
                  | mutation]
 98628 | Slime:4  | Received a gift from Okawaru
 99249 | Slime:4  | Gained mutation: Your spells are a little easier to cast,
                  | but a little less powerful. [a shining eye]
 99254 | Slime:4  | Gained mutation: Your spells are easier to cast, but less
                  | powerful. [a shining eye]
 99884 | Slime:5  | Entered Level 5 of the Pits of Slime
 99886 | Slime:5  | Gained mutation: You are very weak. (Str -4) [a shining
                  | eye]
 99912 | Slime:5  | Lost mutation: You are dopey. (Int -2) [potion of mutation]
 99912 | Slime:5  | Lost mutation: You are very weak. (Str -4) [potion of
                  | mutation]
 99912 | Slime:5  | Lost mutation: Your spells are easier to cast, but less
                  | powerful. [potion of mutation]
 99912 | Slime:5  | Lost mutation: You are weak. (Str -2) [potion of mutation]
 99912 | Slime:5  | Gained mutation: Your flesh is cold resistant. (rC+)
                  | [potion of mutation]
 99912 | Slime:5  | Gained mutation: You are partially covered in thin metallic
                  | scales. (AC +2) [potion of mutation]
100145 | Slime:5  | Noticed the Royal Jelly
100200 | Slime:4  | Received a gift from Okawaru
100322 | Slime:5  | Killed the Royal Jelly
101525 | Slime:5  | Found the amulet of the Air {Inacc +Fly rElec EV+5 RMsl}
101528 | Slime:5  | Identified The Volume of Greatest Risks and Utility
101587 | Slime:5  | Identified Paub's Grimoire of the Shifting Snowflakes
101625 | Slime:5  | Got a sparkling pewter ring
101627 | Slime:5  | Got a slimy rune of Zot
101906 | Slime:5  | Identified the ring "Usyacwiw" {+Fly rPois rC++ Str-5
                  | Stlth+} (You found it on level 5 of the Pits of Slime)
102007 | Slime:1  | Gained mutation: Your spells are easier to cast, but less
                  | powerful. [a shining eye]
102008 | Slime:1  | Lost mutation: You are robust. (+10% HP) [a shining eye]
103285 | Hell     | Entered the Vestibule of Hell
103285 | Hell     | Noticed Geryon
103715 | Hell     | Received a gift from Okawaru
103760 | Hell     | Killed Geryon
103891 | Hell     | Found a gateway to the freezing wastes of Cocytus.
103895 | Hell     | Reached skill level 1 in Evocations
104006 | Hell     | Reached skill level 5 in Evocations
104035 | Hell     | Found a gateway to the Iron City of Dis.
104202 | Hell     | Found a gateway to the decaying netherworld of Tartarus.
104306 | Hell     | Found a gateway to the ashen valley of Gehenna.
104379 | Tar:1    | Entered Level 1 of Tartarus
105081 | Tar:1    | Received a gift from Okawaru
105497 | Tar:1    | Reached skill level 10 in Evocations
105737 | Geh:1    | Entered Level 1 of Gehenna
106774 | Dis:1    | Entered Level 1 of the Iron City of Dis
107001 | Dis:1    | Received a gift from Okawaru
108112 | Crypt:1  | Entered Level 1 of the Crypt
110293 | Temple   | Fell from the grace of Okawaru
110293 | Temple   | Became a worshipper of the Shining One
111222 | Crypt:1  | Noticed Mennas
111238 | Crypt:1  | Killed Mennas
111311 | Crypt:1  | Reached * piety under the Shining One
111525 | Crypt:2  | Reached skill level 15 in Evocations
111567 | Crypt:2  | Reached ** piety under the Shining One
111576 | Crypt:2  | Noticed Boris
111595 | Crypt:2  | Killed Boris
111633 | Crypt:2  | Reached *** piety under the Shining One
111748 | Crypt:2  | Reached **** piety under the Shining One
112192 | Crypt:3  | Entered Level 3 of the Crypt
112192 | Crypt:3  | Reached ***** piety under the Shining One
112784 | Crypt:3  | Upgraded the game from 0.26-a0-752-gcff87cac9a to
                  | 0.26-a0-757-g626ac9e51a
113297 | Depths:2 | Bought a wand of acid (8) for 504 gold pieces
113297 | Depths:2 | Bought a tin of tremorstones (2/2) for 840 gold pieces
113297 | Depths:2 | Bought a lightning rod (4/4) for 630 gold pieces
114755 | Crypt:3  | Reached ****** piety under the Shining One
114775 | Crypt:3  | Identified a +9 double sword of holy wrath (a +9 double
                  | sword blessed by the Shining One)
114775 | Crypt:3  | Received a gift from the Shining One
114832 | Crypt:3  | Found a basalt altar of Yredelemnul.
114927 | Crypt:3  | Noticed an ancient lich
114937 | Crypt:3  | Killed an ancient lich
114953 | Crypt:3  | Found the +6 arbalest "Damnation" {damnation}
114979 | Crypt:3  | Identified the Grimoire of Sinister Rituals
115068 | Crypt:3  | Reached skill level 10 in Invocations
115308 | Crypt:3  | Got a transparent steel ring
115308 | Crypt:3  | Got a wavering graven amulet
115308 | Crypt:3  | Got a fine marble ring
115310 | Crypt:3  | Identified the ring "Istaducs" {rC+ rN+ Str+3} (You found
                  | it on level 3 of the Crypt)
115311 | Crypt:3  | Identified the amulet "Jougoem" {*Slow rPois rF+ Regen+}
                  | (You found it on level 3 of the Crypt)
115312 | Crypt:3  | Identified the ring "Irphoic" {rF- rN+ Int+4 Stlth+} (You
                  | found it on level 3 of the Crypt)
115422 | Crypt:3  | Found a staircase to the Tomb.
116099 | Depths:1 | Found a gateway to a ziggurat.
117036 | Depths:2 | Voluntarily entered the Abyss.
117148 | Abyss:1  | Found a corrupted altar of Lugonu.
117278 | Abyss:1  | Lost mutation: Your spells are much easier to cast, but
                  | much less powerful. [a neqoxec]
117296 | Abyss:1  | Gained mutation: Potions are less effective at restoring
                  | your health. [a neqoxec]
117300 | Abyss:1  | Gained mutation: Your magical capacity is low. (-10% MP) [a
                  | neqoxec]
117450 | Abyss:1  | Lost mutation: Your spells are easier to cast, but less
                  | powerful. [potion of mutation]
117450 | Abyss:1  | Lost mutation: You have sharp fingernails. [potion of
                  | mutation]
117450 | Abyss:1  | Lost mutation: Your magical capacity is low. (-10% MP)
                  | [potion of mutation]
117450 | Abyss:1  | Gained mutation: You have sharp toenails. [potion of
                  | mutation]
117921 | Abyss:3  | Gained mutation: Your body sometimes deteriorates upon
                  | taking damage. [a neqoxec]
117928 | Abyss:3  | Lost mutation: Potions are less effective at restoring your
                  | health. [potion of mutation]
117928 | Abyss:3  | Lost mutation: Your body sometimes deteriorates upon taking
                  | damage. [potion of mutation]
117928 | Abyss:3  | Lost mutation: You have sharp toenails. [potion of
                  | mutation]
117928 | Abyss:3  | Lost mutation: Your flesh is cold resistant. (rC+) [potion
                  | of mutation]
117928 | Abyss:3  | Gained mutation: You occasionally shout uncontrollably at
                  | your foes. [potion of mutation]
117928 | Abyss:3  | Lost mutation: You occasionally shout uncontrollably at
                  | your foes. [potion of mutation]
117928 | Abyss:3  | Gained mutation: You possess an exceptional clarity of
                  | mind. [potion of mutation]
117928 | Abyss:3  | Gained mutation: You have sharp toenails. [potion of
                  | mutation]
118536 | Abyss:4  | Got an abyssal rune of Zot
118631 | Abyss:4  | Was forgiven by Okawaru
118942 | Depths:2 | Escaped the Abyss
119521 | Geh:4    | Reached skill level 15 in Invocations
120149 | Geh:7    | Entered Level 7 of Gehenna
120381 | Geh:7    | Noticed the Serpent of Hell
120395 | Geh:7    | Killed the Serpent of Hell
120842 | Geh:7    | Identified the +3 shortbow "Okokkoni" {freeze, +Fly rElec}
120920 | Geh:7    | Identified the +7 sceptre of Asmodeus
120920 | Geh:7    | Noticed Asmodeus
120926 | Geh:7    | Found the +27 Lear's hauberk
120941 | Geh:7    | Killed Asmodeus
120949 | Geh:7    | Got an obsidian rune of Zot
120950 | Geh:7    | Identified the Guide on Fiery Air
121194 | Coc:1    | Entered Level 1 of Cocytus
122349 | Tar:5    | Identified the +0 tower shield of Words of Power {Str+2
                  | Stlth+}
123108 | Tar:7    | Entered Level 7 of Tartarus
123373 | Tar:7    | Noticed an ancient lich
123376 | Tar:7    | Killed an ancient lich
123522 | Tar:7    | Identified the Catalogue of Earthen Transmigration
123989 | Tar:7    | Noticed Ereshkigal
124004 | Tar:7    | Mangled by an Ice Fiend

Illustrated notes

Levels and vault maps discovered:
D:1:      dpeg_arrival_three_same_balls, layout_basic
D:2:      layout_basic, serial_glass, glass_columns_c, glass_columns_c,
          glass_columns_b, glass_columns_a, minmay_domino_4,
          uniq_crazy_yiuf_cottage
D:3:      layout_loops_ring, gammafunk_temple_overflow_arena,
          gammafunk_ghost_nasty_kobolds, nrook_uturn
D:4:      wander_river, layout_gridville, xom_butterflies,
          kennysheep_little_box, gammafunk_temple_overflow_wave,
          minmay_temple_entry_arrows, minmay_small_thing
D:5:      layout_rooms, grunt_temple_overflow_growth_and_decay,
          lemuel_zombie_altar_yredelemnul, grunt_ministairs_2,
          minmay_misc_feat_ornament, uniq_grinder, uniq_prince_ribbit1
D:6:      layout_basic, gammafunk_ghost_nasty_kobolds
D:7:      layout_basic, old_standard_altar, minmay_misc_feat_rugged
D:8:      layout_rooms, small_statue_intersection, kb_lookout_dungeons_type,
          uniq_grum, uniq_pikel
D:9:      layout_basic, uniq_joseph, uniq_gastronok
D:10:     layout_big_octagon, lair_entry_dummy, orc_0_dummy,
          gammafunk_ghost_hydra_chop, nrook_guardian_serpent_ordinary,
          uniq_erica
D:11:     layout_rooms, xom_shifter_show
D:12:     minmay_the_grid_triangle_9x9_line_8_mashed
          [minmay_the_grid_triangle_9x9_intruding_spiral,
          minmay_the_grid_triangle_9x9_alien,
          minmay_the_grid_triangle_9x9_skeleton,
          minmay_the_grid_triangle_9x9_longest,
          minmay_the_grid_triangle_9x9_swiss_cheese,
          minmay_the_grid_triangle_9x9_thin_v,
          minmay_the_grid_triangle_9x9_corrupted_corridor,
          minmay_the_grid_triangle_9x9_prize_schism], layout_grid_maze,
          gauntlet_entry_generic, hangedman_weighted_door, minmay_radiant
D:13:     layout_roguey, serial_shops, nicolae_shop_trees, st_stairs_14,
          minmay_guarded_unrand_prune
D:14:     gammafunk_sealed_arena, layout_grid_maze, erik_vaults_2,
          serial_bayou_shore_b, uniq_frances
D:15:     grunt_enter_depths_magical_seal, layout_irregular_city, hex_medium,
          uniq_josephine
Temple:   dshaligram_water_room_temple
Lair:1:   layout_gridlike
Lair:2:   layout_regular_city, minmay_swamp_entry_reptiles, shoals_dummy_entry,
          serial_bayou, serial_bayou_pond_e, serial_bayou_ford_a,
          serial_bayou_pond_c, serial_bayou_crossing, lemuel_old_faithful,
          serial_bayou_shore_a
Lair:3:   layout_misc_corridors, nicolae_quartered_pool_little,
          chequers_serial_rivers_room_b
Lair:4:   layout_cave_pods
Lair:5:   layout_cave_pods, minmay_slime_entry_pillars, gammafunk_ghost_icy
Lair:6:   evilmike_catoblepas_cave, layout_regular_city, serial_bayou_shore_b
Swamp:1:  layout_basic_swamp, nicolae_swamp_trees_clearing, swamp_pool3,
          uniq_aizul, uniq_louise
Swamp:2:  layout_basic_swamp, hangedman_swamp_ruin_wall, swamp_pool1,
          uniq_jorgrun
Swamp:3:  gammafunk_mikee_crab_dinner, layout_basic_swamp, serial_swamp_ruin,
          evilmike_swamp_ruin_house_4, evilmike_swamp_ruin_house_2,
          st_shrine_of_shade, uniq_mara
Swamp:4:  swamp_alternative, layout_basic_swamp
Shoals:1: layout_shoals
Shoals:2: layout_shoals, nicolae_shoals_wave_tunnel
Shoals:3: layout_shoals, serial_shops, nicolae_shop_crystal
Shoals:4: shoals_end_grunt_ice, layout_shoals
Slime:1:  cheibrodos_slime_lost_civilization_3, layout_caves
Slime:2:  layout_caves, cheibrodos_slime_lost_civilization_6
Slime:3:  layout_caves
Slime:4:  cheibrodos_slime_lost_civilization_8, layout_caves, special_room
          [special_room_jelly]
Slime:5
Orc:1:    layout_caves, nicolae_orc_flooded_monolith, uniq_erolcha
Orc:2:    grunt_orc_tribal_feast, layout_diamond_mine, uniq_nessos
Elf:1:    eino_elf_arrival_the_gate, layout_loops_ring, serial_shops,
          bzr_entry_gold, minivault_28
Elf:2:    layout_geoelf_diagonals, serial_corexii_hall, corexii_hall_statues_t,
          chequers_hall_statues_y, lemuel_flamethrower_3
Elf:3:    minmay_elf_hall_dome, layout_rooms,
          portal_ice_cave_entry_frozen_things, lemuel_flamethrower_2
Vaults:1: vaults_room_grunt_arrival_ludios, hangedman_vaults_nails, st_cells,
          hangedman_vaults_stagger, v_pattern_2, hangedman_vaults_corner_blocks,
          nicolae_vaults_network_quinsquares
          [nicolae_vaults_network_quincunx_subvault,
          nicolae_vaults_network_quincunx_subvault,
          nicolae_vaults_network_quincunx_subvault,
          nicolae_vaults_network_quincunx_subvault],
          nicolae_vaults_three_branches, layout_vaults_big_room
Vaults:2: vaults_mumra_chevron, dpeg_vaults_monster_box,
          nicolae_vaults_diagonal_hallway_6, vaults_room_ringed_pool,
          hangedman_vaults_impose, nicolae_vaults_hallways_thing,
          vaults_room_large_hall, nicolae_vaults_circle_grid_a,
          nicolae_vaults_network_s, nicolae_vaults_network_barrier,
          ontoclasm_vaults_claustrophobia, grunt_vaults_hallway_short,
          v_misc_30, vaults_room_pools, v_alt_pattern_3, ontoclasm_vaults_pinch,
          v_misc_30, layout_vaults_maze_snakey
Vaults:3: minmay_crypt_entry_nasty_monster, hangedman_vaults_capsules,
          nicolae_vaults_sealed_display, grunt_vaults_bifocal,
          vaults_room_corners, ontoclasm_vaults_hangar,
          nicolae_vaults_triangles, vaults_room_guarded_vault,
          vaults_room_stairs_pillars, v_misc_9, nicolae_vaults_asterisk,
          ontoclasm_vaults_hangar, v_misc_10, layout_vaults_big_cross,
          serial_shops, shop
Vaults:4: grunt_vaults_swirl, vaults_dpeg_hooks, ontoclasm_vaults_bender,
          nicolae_vaults_an_arrangement, ontoclasm_vaults_idyll, v_misc_23,
          layout_vaults_quadrants
Vaults:5: serial_shops
Crypt:1:  layout_misc_corridors, uniq_mennas
Crypt:2:  layout_rooms, grunt_ministairs_14, grunt_megastairs_2, uniq_boris
Crypt:3:  church_of_pain_bobbens, layout_chaotic_city
Depths:1: layout_gridlike, enter_ziggurat_c, pf_coc_iceberg,
          chequers_decorated_corner, hangedman_decor_growths,
          minmay_crystal_water, serial_sigils_hangedman_carve,
          minmay_misc_feat_columns, minmay_crystal_box
Depths:2: kennysheep_snake, layout_gridlike, abyss_entry, nrook_mini_backslash,
          rand_demon_pan_entry_9, pf_hell_entry_great_geh,
          minmay_misc_feat_doors, minmay_guarded_unrand_curses,
          minmay_staircase_bubble, minmay_shoptagon
Depths:3: minmay_box_of_curves, layout_basic, chequers_serial_rivers_micro_b,
          serial_shops, nicolae_shop_behind_doors, grunt_pan_entry_sceptre,
          hell_entry, enter_trove_0, nicolae_lava_and_water
Depths:4: constructs_gauntlet_mu_hangedman, layout_cave_shapes,
          abyss_entry_glasseish, pf_hell_entry_tar_spiral,
          onia_ninara_dug_in_and_dangerous, serial_bayou_shore_b,
          infiniplex_staircase_pool_2
Depths:5: evilmike_zot_entry_castle, layout_cave_pools, serial_shops,
          nicolae_shop_trees, serial_sigils_hangedman_scratch, lightli_too_deep,
          hangedman_abyss_or_decor_slice
Hell
Dis:1:    layout_gridville
Geh:1:    layout_gehenna_pools_box
Geh:2:    layout_gehenna_pools_triple
Geh:3:    layout_gehenna_pools_basic, grunt_megastairs_3
Geh:4:    layout_gehenna_pools_box, grunt_megastairs_4
Geh:5:    layout_gehenna_lava_caves
Geh:6:    layout_gehenna_pools_triple
Geh:7:    geh_grunt_pentagon
Coc:1:    layout_cocytus_water_paths
Tar:1:    layout_catacombs
Tar:2:    layout_grid_maze
Tar:3:    layout_grid_maze
Tar:4:    layout_catacombs
Tar:5:    layout_grid_maze
Tar:6:    layout_grid_maze, nicolae_tar_cuneiform_to_be
Tar:7:    tar_old
Zot:1:    layout_misc_corridors, st_stairs_9
Zot:2:    layout_gridlike
Zot:3:    grunt_deathspiral_small, layout_concentric_octagons
Zot:4:    kennysheep_room_grid, layout_onion
Zot:5:    layout_twisted_circle

Skill      XL: |  1  2  3  4  5  6  7  8  9 10 11 12 13 14 15 16 17 18 19 20 21 22 23 24 25 26 27 |
---------------+----------------------------------------------------------------------------------+-----
Dodging        | 1 2 3 4 5 6 7 8 9 10 11 12 13 14 15 16 17 18 19 20 21 23 | 23.9
Armour         | 4 5 6 7 8 10 11 12 13 14 15 16 17 18 19 20 21 22 23 25 | 25.8
Fighting       | 4 5 6 7 9 10 11 12 13 14 15 16 17 18 19 20 21 22 23 25 | 25.8
Long Blades    | 3 4 5 6 7 8 9 10 12 16 17 18 19 20 21 22 23 25 27 | 27.0
Shields        | 4 5 6 7 8 9 10 11 12 13 14 15 16 17 18 19 20 21 24 | 24.1
Invocations    | 1 3 4 5 6 7 22 | 22.2
Evocations     | 17 | 17.1

Action                   |  1- 3 |  4- 6 |  7- 9 | 10-12 | 13-15 | 16-18 | 19-21 | 22-24 | 25-27 || total
-------------------------+-------+-------+-------+-------+-------+-------+-------+-------+-------++-------
Melee: Long sword        |   150 |   228 |   487 |  1108 |   204 |       |       |       |       ||  2177
       Dagger            |       |       |       |    23 |    56 |       |       |       |       ||    79
       Double sword      |       |       |       |       |  1194 |  1438 |  1617 |  1592 |  6067 || 11908
       Scimitar          |       |       |       |       |       |    83 |       |       |       ||    83
       Peck              |       |       |       |       |       |       |       |    75 |   741 ||   816
       Unarmed           |       |       |       |       |       |       |       |       |     2 ||     2
Invok: Heroism           |       |       |     2 |     4 |    11 |    10 |     8 |    10 |    28 ||    73
       Finesse           |       |       |       |       |     4 |     5 |     2 |     1 |    10 ||    22
       Summon Divine War |       |       |       |       |       |       |       |       |    28 ||    28
       Cleansing Flame   |       |       |       |       |       |       |       |       |    13 ||    13
       Divine Shield     |       |       |       |       |       |       |       |       |     1 ||     1
       Brand Weapon With |       |       |       |       |       |       |       |       |     1 ||     1
 Abil: Hop               |       |       |     1 |     2 |       |     5 |     4 |       |    13 ||    25
Evoke: Wand              |       |       |       |     4 |     1 |       |     8 |       |     8 ||    21
       Lightning rod     |       |       |       |       |       |       |       |       |     1 ||     1
  Use: Scroll            |       |    10 |     7 |     9 |    14 |     8 |    16 |    18 |    44 ||   126
       Potion            |       |     2 |     2 |     6 |    11 |     2 |     1 |     4 |    38 ||    66
 Stab: Petrified         |       |       |       |       |    13 |       |       |       |       ||    13
       Distracted        |       |       |       |       |       |     3 |     4 |     8 |    10 ||    25
Armor: Scale mail        |    78 |       |       |       |       |       |       |       |       ||    78
       Plate armour      |    13 |   168 |   223 |   499 |   453 |   593 |    36 |       |       ||  1985
       Gold dragon scale |       |       |       |       |       |       |   331 |   182 |  1377 ||  1890
       Crystal plate arm |       |       |       |       |       |       |       |   142 |   152 ||   294
Dodge: Dodged            |    51 |    44 |    95 |   335 |   468 |   498 |   275 |   310 |  1723 ||  3799
Block: Kite shield       |    91 |   198 |   443 |  1048 |  1234 |   256 |       |       |       ||  3270
       Reflection        |       |       |    11 |    10 |    37 |    96 |   164 |   178 |   175 ||   671
       Other             |       |       |       |       |     1 |       |       |       |       ||     1
       Tower shield      |       |       |       |       |       |  1434 |  1699 |  2015 |  8209 || 13357
       Rpst.: Long sword |    18 |    12 |    33 |    98 |    23 |       |       |       |       ||   184
       Double sword      |       |       |       |       |    68 |    87 |    52 |    33 |   253 ||   493
       Scimitar          |       |       |       |       |       |     3 |       |       |       ||     3

Table legend: (Time is in decaauts)
 A = Elapsed time spent in this place.
 B = Non-inter-level travel time spent in this place.
 C = Inter-level travel time spent in this place.
 D = Time resting spent in this place.
 E = Time spent auto-exploring this place.
 F = Levels seen in this place.
 G = Mean time per level.
                   A        B        C        D        E       F      G
               +--------+--------+--------+--------+--------+-----+--------+
         Total | 131294 | 117712 |  13582 |  39902 |  52183 |  82 | 1601.1 |
       Dungeon |  26539 |  21941 |   4598 |   5789 |  11629 |  15 | 1769.3 |
        Temple |    143 |     94 |     49 |      0 |     75 |   1 |  143.0 |
          Lair |  13574 |  12284 |   1290 |   4265 |   6143 |   6 | 2262.3 |
         Swamp |   7658 |   7384 |    274 |   3777 |   2310 |   4 | 1914.5 |
        Shoals |   5882 |   5678 |    204 |   1313 |   3434 |   4 | 1470.5 |
    Slime Pits |   6837 |   6579 |    258 |   2837 |   2656 |   5 | 1367.4 |
  Orcish Mines |   3935 |   3163 |    772 |   1189 |   1380 |   2 | 1967.5 |
   Elven Halls |   7487 |   7221 |    266 |   2737 |   2827 |   3 | 2495.7 |
        Vaults |  14387 |  12416 |   1971 |   3747 |   6271 |   5 | 2877.4 |
         Crypt |   5294 |   4865 |    429 |   1854 |   1911 |   3 | 1764.7 |
        Depths |  16262 |  13767 |   2495 |   5447 |   5831 |   5 | 3252.4 |
          Hell |   1875 |   1549 |    326 |    791 |    333 |   1 | 1875.0 |
           Dis |    726 |    726 |      0 |     51 |    414 |   1 |  726.0 |
       Gehenna |   2511 |   2330 |    181 |    220 |    635 |   7 |  358.7 |
       Cocytus |      1 |      1 |      0 |      0 |      0 |   1 |    1.0 |
      Tartarus |   4189 |   4013 |    176 |   1139 |    768 |   7 |  598.4 |
           Zot |  10306 |  10020 |    286 |   3352 |   4899 |   5 | 2061.2 |
         Abyss |   2465 |   2465 |      0 |   1014 |    148 |   5 |  493.0 |
        Bazaar |    127 |    127 |      0 |      0 |     62 |   1 |  127.0 |
      Gauntlet |   1088 |   1088 |      0 |    374 |    451 |   1 | 1088.0 |
               +--------+--------+--------+--------+--------+-----+--------+

Top non-repeatable levels by time:
Depths:5: 4563 daAuts
Depths:3: 3906 daAuts
Depths:2: 3626 daAuts
   Elf:2: 3475 daAuts
  Lair:2: 3445 daAuts
Vaults:1: 3366 daAuts
Vaults:5: 3335 daAuts
   Zot:2: 3174 daAuts
 Swamp:3: 2978 daAuts
Vaults:3: 2977 daAuts
   Orc:2: 2883 daAuts
   Elf:3: 2843 daAuts
 Crypt:1: 2667 daAuts
   Zot:5: 2667 daAuts
    D:12: 2663 daAuts
